 Dungeon Crawl Stone Soup version 0.30-a0-637-gacddeb6d44 (webtiles) character file.

Game seed: 9736138898840913108

35 Leeroy the Grasshopper (level 3, 0/20 HPs)
             Began as a Deep Elf Warper on Jan 15, 2023.
             Slain by an adder (2 damage)
             ... on level 2 of the Dungeon.
             The game lasted 00:01:56 (840 turns).

Leeroy the Grasshopper (Deep Elf Warper)             Turns: 840, Time: 00:01:56

Health: 0/20       AC:  3    Str:  8    XL:     3   Next: 17%
Magic:  9/9        EV: 12    Int: 17    God:
Gold:   48         SH:  0    Dex: 16    Spells: 6/8 levels left

rFire   + . .      SeeInvis .    a - +0 falchion
rCold   . . .      Faith    .    (no shield)
rNeg    . . .      Spirit   .    b - +0 leather armour
rPois   .          Reflect  .    (no helmet)
rElec   .          Harm     .    (no cloak)
rCorr   .          Rampage  .    (no gloves)
Will    .....                    (no boots)
Stlth   +                        (no amulet)
HPRegen 0.23/turn                h - ring of protection from fire
MPRegen 0.11/turn                (no ring)

@: lethally poisoned (0 -> -2), flying
A: no striking features
a: no special abilities


You were on level 2 of the Dungeon.
You visited 1 branch of the dungeon, and saw 2 of its levels.

You collected 48 gold pieces.

Inventory:

Hand Weapons
 a - a +0 falchion (weapon)
Missiles
 d - 7 boomerangs of dispersal (quivered)
Armour
 b - a +0 leather armour (worn)
Jewellery
 h - a ring of protection from fire (left hand)
Scrolls
 c - a scroll of blinking
 e - a scroll of poison {unknown}
 f - a scroll of teleportation {unknown}
 i - a scroll of identify {unknown}


   Skills:
 - Level 1.5 Fighting
 - Level 3.1 Long Blades
 - Level 1.0 Throwing
 - Level 0.7 Armour
 + Level 2.8 Dodging
 - Level 3.1 Spellcasting
 - Level 3.2 Translocations


You had 6 spell levels left.
You knew the following spells:

 Your Spells              Type           Power      Damage    Failure   Level
a - Blink                 Tloc           26%        N/A       10%         2

Your spell library contained the following spells:

 Spells                   Type           Power      Damage    Failure   Level
 Lesser Beckoning         Tloc           26%        N/A       19%         3
 Teleport Other           Tloc           13%        N/A       19%         3
 Necrotise                Necr           8%         1d4       24%         1
 Vhi's Electric Charge    Tloc/Air       16%        N/A       36%         3
 Manifold Assault         Tloc           13%        N/A       54%         4
 Vampiric Draining        Necr           2%         2d6       58%         3
 Agony                    Necr           2%         N/A       100%        5


Dungeon Overview and Level Annotations

Branches:
Dungeon (2/15)

Altars:


Message History

You hit the adder.
The adder is severely wounded.
You feel sick. The adder closely misses you.
You hit the adder.
You kill the adder!
You feel sick. The adder bites you but does no damage.
The adder barely misses you.
You have reached level 3!
Your experience leads to an increase in your attributes!
Increase (S)trength, (I)ntelligence, or (D)exterity?
You feel agile. x2
You hit the adder.
The adder is moderately wounded.
You feel sick.
You are no longer poisoned.
The adder bites you.
You are poisoned.
The adder poisons you!
You hit the adder but do no damage.
The adder is moderately wounded.
* * * LOW HITPOINT WARNING * * *
You feel sick. The adder barely misses you.
Okay, then.
You miss the adder.
The adder is moderately wounded.
* * * LOW HITPOINT WARNING * * *
You feel sick. The adder closely misses you. The adder bites you.
* * * LOW HITPOINT WARNING * * *
It was a potion of magic.
Magic courses through your body.
* * * LOW HITPOINT WARNING * * *
You feel sick. The frilled lizard barely misses you.
The adder closely misses you.
It was a potion of flight.
You feel very buoyant.
You fly up into the air.
* * * LOW HITPOINT WARNING * * *
You feel sick. The adder misses you.
A hobgoblin comes into view.
The frilled lizard closely misses you. The adder bites you.
You die...

### ....
....#####
........##
......†(.##
..........#####
......l<.......
......S@..#####
.......†..#
.....$....#
#..........#
......[.....#
..........#..#
..............$
...g......#"...


You could see an adder, a hobgoblin (wandering) and a frilled lizard.

Vanquished Creatures
  An adder (D:2)
  A dart slug (D:1)
  3 bats (D:1)
  An endoplasm (D:1)
  A giant cockroach (D:2)
  5 goblins (D:1)
  2 hobgoblins (D:1)
  3 kobolds (D:1)
  A quokka (D:1)
  A ball python (D:1)
  3 rats
22 creatures vanquished.

Notes
Turn   | Place    | Note
-------+----------+-------------------------------------------
     0 | D:1      | Leeroy the Deep Elf Warper began the quest for the Orb.
     0 | D:1      | Reached XP level 1. HP: 12/12 MP: 6/6
   357 | D:1      | Reached XP level 2. HP: 15/16 MP: 8/8
   429 | D:1      | Learned a level 2 spell: Blink
   836 | D:2      | Reached XP level 3. HP: 11/20 MP: 9/9
   840 | D:2      | Slain by an adder

Illustrated notes

Levels and vault maps discovered:
D:1:      scummos_arrival_simple_crosswalls, layout_loops_corners
D:2:      layout_rooms, shapermc_ecumenical_altar_starsandcircs

Skill      XL: |  1  2 |
---------------+-------+-----
Long Blades    | 2 3 |  3.1
Fighting       | |  1.5
Throwing       | |  1.0
Armour         | |  0.7
Dodging        | |  2.8
Spellcasting   | |  3.1
Translocations | |  3.2

Action                   || total
-------------------------++-------
Melee: Falchion          ||    54
  Use: Potion            ||     2
 Stab: Sleeping          ||     1
Armor: Leather armour    ||    14
Dodge: Dodged            ||    50

Table legend: (Time is in decaauts)
 A = Elapsed time spent in this place.
 B = Non-inter-level travel time spent in this place.
 C = Inter-level travel time spent in this place.
 D = Time resting spent in this place.
 E = Time spent auto-exploring this place.
 F = Levels seen in this place.
 G = Mean time per level.
                   A        B        C        D        E       F      G
               +--------+--------+--------+--------+--------+-----+--------+
         Total |    848 |    830 |     18 |      0 |    672 |   2 |  424.0 |
       Dungeon |    848 |    830 |     18 |      0 |    672 |   2 |  424.0 |
               +--------+--------+--------+--------+--------+-----+--------+

Top non-repeatable levels by time:
     D:1: 827 daAuts
     D:2: 20 daAuts
